 Dungeon Crawl Stone Soup version 0.28-b1-25-g9875b3fc8c (webtiles) character file.

Game seed: 7239119825743205457

312 vvl the Stinger (level 6, -8/44 HPs)
             Began as a Demonspawn Venom Mage on Feb 3, 2022.
             Mangled by an ogre (21 damage)
             ... on level 4 of the Dungeon.
             The game lasted 00:08:13 (4857 turns).

vvl the Stinger (Demonspawn Venom Mage)             Turns: 4857, Time: 00:08:13

Health: -8/44      AC:  3    Str:  8    XL:     6   Next: 18%
Magic:  6/10       EV: 12    Int: 19    God:
Gold:   87         SH:  0    Dex: 13    Spells: 5/10 levels left

rFire   . . .      SeeInvis .   (no weapon)
rCold   . . .      Faith    .   (no shield)
rNeg    . . .      Spirit   .   a - +0 robe
rPois   .          Reflect  .   (no helmet)
rElec   .          Harm     .   (no cloak)
rCorr   .          Rampage  .   (no gloves)
Will    +....                   (no boots)
Stlth   ++........              (no amulet)
HPRegen 0.14/turn               i - ring of willpower
MPRegen 0.12/turn               (no ring)

@: very slightly contaminated
A: spiny 1, sharp scales 1, demonic touch 2
a: no special abilities


You were on level 4 of the Dungeon.
You visited 1 branch of the dungeon, and saw 4 of its levels.

You collected 87 gold pieces.

Inventory:

Armour
 a - a +0 robe (worn)
Jewellery
 e - a ring of ice
 i - a ring of willpower (left hand)
Scrolls
 b - a scroll of blinking {unknown}
 d - a scroll of amnesia {unknown}
 g - a scroll of noise {unknown}
 h - 2 scrolls of identify {unknown}
 m - a scroll of teleportation {unknown}
Potions
 c - a potion of berserk rage {unknown}
 f - 2 potions of heal wounds {unknown}
 j - a potion of flight {unknown}
 k - a potion of lignification {unknown}
 l - a potion of haste {unknown}
 n - a potion of attraction {unknown}


   Skills:
 + Level 1.9 Fighting
 + Level 1.8 Armour
 + Level 2.6 Dodging
 - Level 2.0 Stealth
 + Level 2.9 Spellcasting
 + Level 0.1 Necromancy
 - Level 2.0 Transmutations
 + Level 4.6 Poison Magic


You had 5 spell levels left.
You knew the following spells:

 Your Spells              Type           Power      Damage    Failure   Level
a - Sting                 Tmut/Pois      60%        1d6       4%          1
b - Olgreb's Toxic Radia  Pois           20%        N/A       22%         4

Your spell library contained the following spells:

 Spells                   Type           Power      Damage    Failure   Level
 Poisonous Vapours        Pois/Air       22%        N/A       9%          2
 Blink                    Tloc           4%         N/A       24%         2
 Mephitic Cloud           Conj/Pois/Air  8%         N/A       24%         3
 Manifold Assault         Tloc           2%         N/A       99%         5
 Storm Form               Tmut/Air       3%         N/A       100%        7


Dungeon Overview and Level Annotations

Branches:
Dungeon (4/15)
 Temple: D:4-7

Altars:
Gozag
Okawaru
Sif Muna
Vehumet
The Shining One


Innate Abilities, Weirdness & Mutations

You are partially covered in sharp spines.
You are partially covered in razor-sharp scales. (AC +1, Slay +1)
Your touch may inflict irresistible damage on your foes.


Message History

Found an escape hatch in the floor.
There is an escape hatch in the floor here.
A goblin is nearby!
The goblin shouts!
The sting hits the goblin.
The goblin is poisoned.
The goblin is moderately wounded.
The goblin is struck by your spines. The goblin hits you with a +0 dagger.
You closely miss the goblin.
The goblin is severely wounded.
You kill the goblin!
HP restored.
Things that are here:
a +0 dagger; a goblin corpse
There is a stone staircase leading up here.
You see here a ball python corpse.
An ogre comes into view. It is wielding a +0 giant club.
Found 8 gold pieces.
The ogre shouts!
The ogre moves out of view.
The sting hits the ogre.
The ogre is poisoned.
The ogre is lightly wounded.
You miscast Sting.
You are very lightly contaminated with residual magic.
Nothing appears to happen.
The sting hits the ogre.
The ogre looks even sicker.
The ogre is heavily wounded.
The ogre hits you with a +0 giant club!!
Ouch! That really hurt!
* * * LOW HITPOINT WARNING * * *
You are too injured to fight recklessly!
Casting: Sting (safe; 4% risk of failure)
Confirm with . or Enter, or press ? or * to list all spells.
Aiming: Sting (safe; 4% risk of failure)
Press: ? - help, Shift-Dir - straight line, f/p - ogre
Aim: an ogre, wielding a +0 giant club (heavily wounded, very poisoned, 88% to hit)
The sting hits the ogre.
The ogre looks even sicker.
The ogre is heavily wounded.
The ogre is struck by your spines.
The ogre hits you with a +0 giant club!!
You die...

############# ##...#
#...........###.....
#.#########.##......
#.# #.......>. #.#
##########†.....
#.##......#####.....
#....# #....).#...#
###..# ######......
###@.#### ####<.#
#.O.....# #..#
#.#####.# #..# ... #
#..# ..... ####..#
#..$... #.....#
#...... #####.#
....... #.. .......
#.#


You could see an ogre (very poisoned).

Vanquished Creatures
  A sky beast (D:3)
  An iguana (D:3)
  Natasha (thrice) (D:2)
  3 adders (D:3)
  A worm (D:3)
  3 dart slugs (D:3)
  6 ball pythons
  4 endoplasms
  3 giant cockroaches (D:3)
  5 goblins
  13 hobgoblins
  10 jackals
  6 kobolds
  A quokka (D:3)
  8 bats
  4 frilled lizards
  10 rats
82 creatures vanquished.

Notes
Turn   | Place    | Note
-------+----------+-------------------------------------------
     0 | D:1      | vvl the Demonspawn Venom Mage began the quest for the Orb.
     0 | D:1      | Reached XP level 1. HP: 13/13 MP: 3/3
   278 | D:1      | Reached skill level 1 in Transmutations
   355 | D:1      | Gained mutation: You are partially covered in sharp spines.
                  | [demonic ancestry]
   355 | D:1      | Reached XP level 2. HP: 9/19 MP: 0/5
   998 | D:1      | Found a faded altar of an unknown god.
  1672 | D:2      | Gained mutation: Your touch may inflict minor irresistible
                  | damage on your foes. [demonic ancestry]
  1672 | D:2      | Reached XP level 3. HP: 25/25 MP: 3/6
  1805 | D:2      | Noticed Natasha
  1805 | D:2      | You fall into a shaft and drop 1 floor!
  2186 | D:2      | Found an iron altar of Okawaru.
  2437 | D:2      | Reached skill level 1 in Armour
  2546 | D:2      | Killed Natasha
  2547 | D:2      | Reached skill level 1 in Fighting
  2547 | D:2      | Gained mutation: Your touch may inflict irresistible damage
                  | on your foes. [demonic ancestry]
  2547 | D:2      | Reached XP level 4. HP: 18/32 MP: 1/7
  2872 | D:2      | Noticed Natasha
  2879 | D:2      | Killed Natasha
  2880 | D:2      | Reached skill level 4 in Poison Magic
  3149 | D:2      | Noticed Natasha
  3159 | D:2      | Killed Natasha
  3160 | D:2      | Gained mutation: You are partially covered in razor-sharp
                  | scales. (AC +1, Slay +1) [demonic ancestry]
  3160 | D:2      | Reached XP level 5. HP: 11/37 MP: 2/8
  3857 | D:3      | Found an opulent altar of Gozag.
  3859 | D:3      | Found a radiant altar of Vehumet.
  4227 | D:3      | Found a shimmering blue altar of Sif Muna.
  4299 | D:3      | Noticed a sky beast
  4305 | D:3      | Killed a sky beast
  4306 | D:3      | Reached XP level 6. HP: 44/44 MP: 3/10
  4522 | D:3      | Learned a level 4 spell: Olgreb's Toxic Radiance
  4857 | D:4      | Mangled by an ogre

Illustrated notes

Levels and vault maps discovered:
D:1:      dpeg_arrival_three_same_balls, layout_loops_corners,
          hellmonk_ecumenical_altar_blasted
D:2:      layout_basic, basic_altar, roderic_roman_lattice, uniq_natasha
D:3:      layout_basic, nicolae_sif_muna_condensation,
          nicolae_overflow_hidden_temple, glass_columns_c, st_stairs_14,
          minivault_4, minmay_bisected
D:4:      layout_loops_ring, mainiacjoe_overflow_big_doors

Skill      XL: |  1  2  3  4  5  6 |
---------------+-------------------+-----
Transmutations | 1 2 |  2.0
Stealth        | 2 |  2.0
Dodging        | 2 |  2.6
Armour         | 1 |  1.8
Fighting       | 1 |  1.9
Poison Magic   | 4 |  4.6
Spellcasting   | |  2.9
Necromancy     | |  0.1

Action                   |  1- 3 |  4- 6 || total
-------------------------+-------+-------++-------
Melee: Unarmed           |    41 |    16 ||    57
       Punch             |     1 |       ||     1
       Touch             |       |     4 ||     4
 Cast: Sting             |    71 |    58 ||   129
 Stab: Distracted        |       |     1 ||     1
Armor: Robe              |    19 |     6 ||    25
Dodge: Dodged            |    59 |    17 ||    76
